 Dungeon Crawl Stone Soup version 0.29-a0-857-g9b1aa3ac5b (webtiles) character file.

Game seed: 1964245713858431062

73 buhh the Grave Robber (level 4, -2/32 HPs)
             Began as a Gnoll Necromancer on July 16, 2022.
             Slain by a black bear (3 damage)
             ... on level 3 of the Dungeon.
             The game lasted 00:02:09 (2347 turns).

buhh the Grave Robber (Gnoll Necromancer)           Turns: 2347, Time: 00:02:10

Health: -2/32      AC:  2    Str:  7    XL:     4   Next: 27%
Magic:  7/11       EV: 13    Int: 17    God:
Gold:   12         SH:  0    Dex: 12    Spells: 5/13 levels left

rFire   + . .      SeeInvis .     - Unarmed
rCold   . . .      Faith    .   (no shield)
rNeg    . . .      Spirit   .   a - +0 robe
rPois   .          Reflect  .   (no helmet)
rElec   .          Harm     .   (no cloak)
rCorr   .          Rampage  .   (no gloves)
Will    .....                   (no boots)
Stlth   ++........              (no amulet)
HPRegen 0.10/turn               j - ring of protection from fire
MPRegen 0.12/turn               (no ring)

@: animating dead
A: fangs 1, strong nose, distributed training
a: no special abilities


You were on level 3 of the Dungeon.
You visited 1 branch of the dungeon, and saw 3 of its levels.

You collected 111 gold pieces.
You spent 99 gold pieces at shops.

Inventory:

Missiles
 c - 8 poisoned darts
Armour
 a - a +0 robe (worn)
Jewellery
 j - a ring of protection from fire (left hand)
Scrolls
 e - 4 scrolls of fear {unknown}
 f - 4 scrolls of teleportation {unknown}
 g - 2 scrolls of enchant armour {unknown}
 h - a scroll of noise {unknown}
 l - 3 scrolls of identify {unknown}
Potions
 b - a potion of brilliance {unknown}
 d - a potion of resistance {unknown}
 i - a potion of lignification {unknown}
 k - a potion of mutation {unknown}
 v - 5 potions of curing {!d}


   Skills:
 + Level 1.1 Fighting
 + Level 1.1 Short Blades
 + Level 1.1 Long Blades
 + Level 1.1 Axes
 + Level 1.1 Maces & Flails
 + Level 1.1 Polearms
 + Level 1.1 Staves
 + Level 1.1 Ranged Weapons
 + Level 1.1 Throwing
 + Level 1.1 Armour
 + Level 4.6 Dodging
 + Level 4.2 Stealth
 + Level 1.1 Shields
 + Level 1.1 Unarmed Combat
 + Level 5.1 Spellcasting
 + Level 0.9 Conjurations
 + Level 0.9 Hexes
 + Level 0.9 Summonings
 + Level 7.1 Necromancy
 + Level 0.9 Translocations
 + Level 0.9 Transmutations
 + Level 0.9 Fire Magic
 + Level 0.9 Ice Magic
 + Level 0.9 Air Magic
 + Level 0.9 Earth Magic
 + Level 0.9 Poison Magic
 + Level 1.2 Invocations
 + Level 1.1 Evocations


You had 5 spell levels left.
You knew the following spells:

 Your Spells              Type           Power      Damage    Failure   Level
a - Necrotise             Necr           100%       1d9       1%          1
b - Vampiric Draining     Necr           28%        2d8       2%          3
c - Animate Dead          Necr           28%        N/A       8%          4

Your spell library contained the following spells:

 Spells                   Type           Power      Damage    Failure   Level
 Foxfire                  Conj/Fire      28%        2x1d5     10%         1
 Agony                    Necr           28%        N/A       21%         5
 Conjure Flame            Conj/Fire      7%         6-21      28%         3
 Inner Flame              Hex/Fire       7%         N/A       28%         3
 Flame Wave               Conj/Fire      7%         2d5       67%         4


Dungeon Overview and Level Annotations

Branches:
Dungeon (3/15) Zot: 15534

Altars:

Shops:
D:3 !


Innate Abilities, Weirdness & Mutations

You have very sharp teeth.
Your uncanny sense of smell can sniff out nearby items.
Your experience applies equally to all skills.


Message History

You finish memorising.
Spell assigned to 'b'.
This spell is quite dangerous to cast!
Memorise Animate Dead, consuming 4 spell levels and leaving 5?
You start memorising the spell.
You continue memorising. x4
You finish memorising.
Spell assigned to 'c'.
You can't see any susceptible monsters within range! (Use Z to cast anyway.)
You can't see any susceptible monsters within range! (Use Z to cast anyway.)
The black bear growls angrily.
The black bear barely resists.
The black bear barely resists.
The black bear writhes in agony!
Okay, then.
You hit the black bear but do no damage.
The black bear is moderately wounded.
The black bear misses you.
The black bear claws you but does no damage.
The black bear misses you.
Aiming: Vampiric Draining (dangerous; 2% risk of failure)
Press: ? - help, Shift-Dir - straight line, f/p - black bear
Aim: a black bear (moderately wounded)
You draw life force from the black bear.
The black bear bites you. The black bear closely misses you.
The black bear misses you.
Aiming: Vampiric Draining (dangerous; 2% risk of failure)
Press: ? - help, Shift-Dir - straight line, f/p - black bear
Aim: a black bear (heavily wounded)
You draw life force from the black bear!
You feel life coursing into your body.
The black bear goes berserk!
You don't have enough magic to cast this spell.
Okay, then.
Magic courses through your body. The black bear bites you.
The black bear claws you. x2
You call upon the dead to rise.
The black bear bites you but does no damage.
The black bear claws you. The black bear misses you. The black bear bites you!
* * * LOW HITPOINT WARNING * * *
The black bear claws you.
* * * LOW HITPOINT WARNING * * *
The black bear claws you.
You die...

...######### .#
...........###.#
.#########.#...# ...
#.....# +### #.....#
######. #.....# )......
#.....##.......
########............#
..............@h....#
########........:...#
#............#
######.##....$..#
#######...............#
.....##..........[.<..#
.....##........########
.....##........#
.....##...<....#


You could see a black bear (berserk).

Vanquished Creatures
  2 adders (D:2)
  2 dart slugs
  2 ball pythons
  4 endoplasms
  3 hobgoblins
  4 jackals (D:1)
  3 kobolds
  A quokka (D:1)
  7 bats
  2 frilled lizards
  5 goblins
  5 rats
40 creatures vanquished.

Vanquished Creatures (collateral kills)
  A dart slug (D:2)
  2 goblins
  A hobgoblin (D:1)
  A rat (D:1)
5 creatures vanquished.

Grand Total: 45 creatures vanquished

Notes
Turn   | Place    | Note
-------+----------+-------------------------------------------
     0 | D:1      | buhh the Gnoll Necromancer began the quest for the Orb.
     0 | D:1      | Reached XP level 1. HP: 13/13 MP: 6/6
    48 | D:1      | Found a faded altar of an unknown god.
   119 | D:1      | Reached XP level 2. HP: 19/19 MP: 2/7
   743 | D:1      | Reached skill level 5 in Spellcasting
   743 | D:1      | Reached XP level 3. HP: 25/25 MP: 6/9
  1472 | D:2      | Reached skill level 1 in Invocations
  1538 | D:2      | Reached skill level 1 in Fighting
  1538 | D:2      | Reached skill level 1 in Short Blades
  1538 | D:2      | Reached skill level 1 in Long Blades
  1538 | D:2      | Reached skill level 1 in Axes
  1538 | D:2      | Reached skill level 1 in Maces & Flails
  1538 | D:2      | Reached skill level 1 in Polearms
  1538 | D:2      | Reached skill level 1 in Staves
  1538 | D:2      | Reached skill level 1 in Ranged Weapons
  1538 | D:2      | Reached skill level 1 in Throwing
  1538 | D:2      | Reached skill level 1 in Armour
  1538 | D:2      | Reached skill level 1 in Shields
  1538 | D:2      | Reached skill level 1 in Unarmed Combat
  1538 | D:2      | Reached skill level 1 in Evocations
  1541 | D:2      | Reached XP level 4. HP: 31/32 MP: 6/11
  2219 | D:3      | Found Kiplic's Distillery.
  2227 | D:3      | Bought 2 potions of curing for 66 gold pieces
  2227 | D:3      | Bought a potion of curing for 33 gold pieces
  2322 | D:3      | Noticed a black bear
  2330 | D:3      | Learned a level 3 spell: Vampiric Draining
  2335 | D:3      | Learned a level 4 spell: Animate Dead
  2347 | D:3      | HP: 1/32 [black bear (2)]
  2347 | D:3      | Slain by a black bear

Illustrated notes

Levels and vault maps discovered:
D:1:      dreamdust_arrival_sigmund_warning, layout_basic,
          chequers_ecumenical_altar_simple_redux, minmay_misc_feat_more_columns
D:2:      layout_rooms
D:3:      layout_basic, serial_shops, nicolae_shop_crystal,
          serial_bayou_crossing

Skill      XL: |  1  2  3 |
---------------+----------+-----
Spellcasting   | 5 |  5.1
Invocations    | 1 |  1.2
Fighting       | 1 |  1.1
Short Blades   | 1 |  1.1
Long Blades    | 1 |  1.1
Axes           | 1 |  1.1
Maces & Flails | 1 |  1.1
Polearms       | 1 |  1.1
Staves         | 1 |  1.1
Ranged Weapons | 1 |  1.1
Throwing       | 1 |  1.1
Armour         | 1 |  1.1
Shields        | 1 |  1.1
Unarmed Combat | 1 |  1.1
Evocations     | 1 |  1.1
Dodging        | |  4.6
Stealth        | |  4.2
Conjurations   | |  0.9
Hexes          | |  0.9
Summonings     | |  0.9
Necromancy     | |  7.1
Translocations | |  0.9
Transmutations | |  0.9
Fire Magic     | |  0.9
Ice Magic      | |  0.9
Air Magic      | |  0.9
Earth Magic    | |  0.9
Poison Magic   | |  0.9

Action                   |  1- 3 |  4- 6 || total
-------------------------+-------+-------++-------
Melee: Unarmed           |     4 |     3 ||     7
 Cast: Necrotise         |    49 |    25 ||    74
       Vampiric Draining |       |     2 ||     2
       Animate Dead      |       |     1 ||     1
  Use: Potion            |       |     1 ||     1
Armor: Robe              |     5 |     3 ||     8
Dodge: Dodged            |    10 |     9 ||    19

Table legend: (Time is in decaauts)
 A = Elapsed time spent in this place.
 B = Non-inter-level travel time spent in this place.
 C = Inter-level travel time spent in this place.
 D = Time resting spent in this place.
 E = Time spent auto-exploring this place.
 F = Levels seen in this place.
 G = Mean time per level.
                   A        B        C        D        E       F      G
               +--------+--------+--------+--------+--------+-----+--------+
         Total |   2464 |   2430 |     34 |      0 |   2199 |   3 |  821.3 |
       Dungeon |   2464 |   2430 |     34 |      0 |   2199 |   3 |  821.3 |
               +--------+--------+--------+--------+--------+-----+--------+

Top non-repeatable levels by time:
     D:1: 1525 daAuts
     D:2: 671 daAuts
     D:3: 268 daAuts
